Map: Torres Crepusculares

Players

TheZergLord - Winner!

  • Race: Zerg Zerg
  • League: Master

BenImmortal

  • Race: Zerg Zerg
  • League: Diamond

VOD

Have the link to the VOD?

Description

Time

  • Played on: May 3, 2016, 12:15 p.m.
  • Length: 15:02
Show
View Real Time Build Order
Export as new Build Order

TheZergLord Zerg - Winner!

Build Orders: Hatch First 

Get SALT Encoding   

  12  0:01  Drone  
  13  0:14  Overlord  
  13  0:18  Drone  
  14  0:33  Drone x2  
  16  0:37  Drone  
  17  0:53  Hatchery  
  17  0:56  Drone  
  17  1:10  Spawning Pool  
  16  1:14  Extractor  
  16  1:15  Drone  
  16  1:18  Drone  
  17  1:21  Drone  
  18  1:30  Drone  
  19  1:41  Overlord  
  19  1:57  Queen  
  21  2:01  Baneling Nest  
  21  2:02  Spine Crawler, Zergling x4  
  21  2:07  Zergling x2  
  22  2:13  Zergling x2  
  23  2:20  Queen  
  25  2:27  Zergling x2  
  26  2:36  Queen  
  28  2:53  Baneling x4  
  28  2:54  Baneling  
  28  2:57  Baneling  
  28  3:01  Queen  
  28  3:22  Drone x6  
  32  3:31  Drone x2  
  32  3:32  Drone  
  35  3:42  Drone  
  35  3:43  Overlord  
  36  3:49  Metabolic Boost  
  36  3:54  Overlord  
  36  4:06  Drone  
  36  4:07  Drone x4  
  41  4:10  Drone  
  41  4:11  Drone  
  41  4:15  Drone  
  44  4:19  Overlord  
  44  4:22  Drone  
  45  4:25  Roach Warren  
  45  4:27  Extractor  
  42  4:33  Drone x2  
  44  4:39  Drone x3  
  47  5:09  Hatchery  
  47  5:10  Roach x6  
  58  5:15  Lair  
  58  5:16  Overlord x2  
  58  5:27  Overlord  
  58  5:28  Overlord  
  58  5:31  Evolution Chamber  
  58  5:32  Drone  
  58  5:40  Roach  
  58  5:41  Roach x2  
  64  5:45  Drone x4  
  64  5:48  Extractor, Roach  
  69  5:56  Roach x2  
  73  5:58  Zerg Missile Weapons Level 1  
  73  6:05  Overlord  
  73  6:06  Roach x2  
  77  6:14  Overseer  
  77  6:27  Glial Reconstitution  
  77  6:36  Roach x4  
  77  6:37  Zergling x2, Roach  
  77  6:38  Zergling x10  
  93  6:46  Drone x4  
  97  6:53  Drone x2  
  99  7:00  Drone x6  
  105  7:11  Spore Crawler x2  
  105  7:12  Spore Crawler  
  105  7:13  Spore Crawler  
  100  7:17  Spore Crawler x2  
  100  7:20  Drone x3  
  100  7:21  Drone x6  
  84  7:52  Drone x10  
  84  7:53  Drone x2  
  84  7:57  Extractor  
  84  7:58  Extractor  
  81  7:59  Infestation Pit, Hydralisk Den  
  81  8:00  Drone x3  
  81  8:01  Zerg Missile Weapons Level 2, Drone  
  76  8:10  Spore Crawler  
  75  8:16  Roach x3  
  75  8:17  Roach  
  83  8:25  Overlord x2, Extractor  
  82  8:28  Muscular Augments  
  82  8:30  Hydralisk x4  
  82  8:31  Hydralisk x3  
  96  8:36  Overlord x5  
  96  8:41  Hive  
  96  8:42  Overlord  
  95  8:55  Overlord x3  
  95  9:01  Hydralisk x5  
  93  9:19  Hydralisk x6  
  93  9:20  Hydralisk  
  91  9:40  Hydralisk x4  
  91  9:41  Hydralisk  
  90  9:56  Hatchery  
  90  9:58  Drone  
  90  10:02  Roach x3  
  90  10:03  Roach x2  
  100  10:10  Hatchery  
  100  10:12  Drone  
  100  10:19  Roach  
  102  10:22  Zerg Missile Weapons Level 3  
  102  10:23  Roach  
  102  10:24  Roach x2  
  108  10:31  Roach  
  108  10:32  Roach  
  110  10:42  Hydralisk x2  
  92  10:47  Queen  
  94  10:50  Hydralisk x2  
  98  10:57  Hydralisk x3  
  98  10:58  Hydralisk  
  106  11:09  Hydralisk  
  106  11:10  Hydralisk x2  
  112  11:23  Hydralisk x3  
  112  11:24  Hydralisk  
  108  11:41  Overseer  
  108  11:43  Queen  
  108  11:45  Drone x11  
  119  11:52  Drone x2  
  119  11:53  Overseer  
  117  11:57  Viper x2  
  117  12:00  Spore Crawler  
  122  12:02  Spore Crawler  
  121  12:09  Queen  
  121  12:11  Drone x2  
  121  12:12  Drone x5  
  121  12:15  Viper  
  133  12:16  Extractor  
  133  12:17  Extractor  
  133  12:20  Drone x4  
  135  12:25  Overlord  
  135  12:31  Roach x3  
  135  12:32  Roach  
  135  12:36  Overseer  
  143  12:39  Overlord  
  143  12:40  Overlord x2  
  143  12:51  Drone x2  
  143  13:00  Roach x10  
  146  13:29  Roach  
  146  13:30  Roach x10  
  146  13:33  Overlord x4  
  168  13:34  Extractor  
  167  13:59  Hatchery  
  166  14:09  Roach x13  
  200  14:10  Roach x4  
Show
View Real Time Build Order
Export as new Build Order

BenImmortal Zerg 

Build Orders: Pool First, Lurkers 

Get SALT Encoding   

  12  0:01  Drone  
  13  0:09  Drone  
  14  0:15  Extractor  
  14  0:16  Drone  
  14  0:36  Spawning Pool  
  14  0:37  Drone  
  14  0:44  Overlord  
  14  0:52  Extractor, Drone  
  15  1:03  Drone x2  
  17  1:22  Queen  
  17  1:23  Metabolic Boost  
  20  1:25  Zergling x2  
  20  1:28  Zergling x2  
  20  1:32  Zergling x2  
  22  1:55  Hatchery  
  21  2:05  Overlord, Zergling x2  
  22  2:36  Zergling x12  
  21  3:25  Zergling x2  
  21  3:27  Spine Crawler, Drone x5  
  25  3:35  Evolution Chamber  
  25  3:39  Spine Crawler  
  23  3:42  Drone  
  23  3:43  Drone x2  
  23  3:44  Zergling x2  
  27  3:49  Spine Crawler, Hatchery  
  25  3:56  Drone  
  25  3:57  Drone  
  27  4:04  Drone x2  
  27  4:05  Drone  
  30  4:10  Drone  
  30  4:15  Drone  
  30  4:16  Drone  
  33  4:32  Drone  
  33  4:33  Overlord, Drone x2  
  33  4:35  Lair  
  36  4:56  Zerg Ground Armor Level 1  
  36  4:58  Overlord  
  36  5:05  Drone x3  
  39  5:07  Extractor, Drone x3  
  39  5:08  Extractor, Drone  
  39  5:12  Drone  
  39  5:13  Extractor, Drone  
  42  5:15  Queen  
  44  5:23  Drone x4  
  44  5:26  Drone  
  50  5:35  Drone  
  50  5:43  Spire  
  49  5:54  Drone  
  49  5:56  Overlord x2  
  49  6:01  Spine Crawler  
  48  6:05  Extractor  
  48  6:06  Extractor  
  48  6:07  Queen  
  48  6:08  Drone  
  48  6:11  Overlord  
  49  6:12  Overlord  
  49  6:14  Drone x2  
  49  6:17  Drone  
  52  6:23  Drone  
  52  6:24  Drone x2  
  55  6:30  Drone  
  55  6:31  Drone  
  57  6:46  Hydralisk Den  
  56  6:55  Zerg Flyer Weapons Level 1, Mutalisk x3  
  56  6:56  Mutalisk x2  
  56  6:59  Mutalisk  
  68  7:01  Mutalisk  
  68  7:05  Mutalisk  
  72  7:09  Mutalisk  
  72  7:13  Mutalisk  
  76  7:18  Mutalisk  
  77  7:36  Mutalisk x2  
  79  7:37  Mutalisk  
  79  7:39  Zergling x2  
  74  7:55  Mutalisk x2  
  74  7:56  Zergling x2  
  74  7:57  Zergling x10  
  77  8:13  Lurker Den  
  77  8:23  Drone x2  
  79  8:31  Drone x3  
  55  9:51  Mutalisk x7  
  55  9:52  Mutalisk x6  
  73  9:54  Drone  
  73  9:55  Drone x8  
  82  10:04  Overlord x2  
  82  10:17  Overlord x4  
  82  10:26  Hydralisk x2  
  82  10:27  Hydralisk  
  88  10:30  Drone x2  
  72  10:49  Zerg Missile Weapons Level 1  
  72  10:56  Hydralisk  
  72  10:57  Hydralisk x5  
  72  10:59  Drone  
  72  11:00  Drone x2  
  72  11:01  Drone  
  72  11:03  Drone  
  89  11:05  Drone  
  90  11:15  Lurker x3  
  86  11:35  Lurker  
  86  11:36  Lurker x2  
  86  11:39  Hydralisk x2  
  85  11:40  Hydralisk x2  
  85  11:42  Drone x6  
  99  11:53  Mutalisk x4  
  107  12:05  Lurker  
  107  12:07  Lurker x3  
  111  12:26  Hatchery  
  110  12:31  Zergling x18  
  74  13:20  Hydralisk x13  
  91  13:39  Zergling x2  
  91  13:40  Zergling x6  
  95  13:46  Lurker x4  
  95  13:47  Lurker  
  95  13:48  Lurker x2  
  102  13:49  Lurker  
  102  13:52  Zergling x12  
  109  14:02  Extractor  
  108  14:04  Spine Crawler x2  
  108  14:05  Spine Crawler, Extractor  
  108  14:08  Zergling x20  
  114  14:10  Hatchery  
  113  14:21  Lurker x3  
  113  14:22  Lurker x2  
  118  14:24  Drone x5  
  118  14:25  Drone  
Tags
 
Add a new tag
Caveats
  • Supply blocks, unpowered buildings, or Contaminate may cause inaccurate times.
  • Supply counts are checked every 10 seconds.